 Dungeon Crawl Stone Soup version 0.31-a0-261-g072fdb8a1f (webtiles) character file.

Game seed: 16392190536169981779

7373 gruber the Grappler (level 10, -13/121 HPs)
             Began as a Troll Shapeshifter on July 13, 2023.
             Was a Follower of Uskayaw.
             Succumbed to Sonja's poison
             ... on level 10 of the Dungeon.
             The game lasted 00:10:36 (7754 turns).

gruber the Grappler (Troll Shapeshifter)            Turns: 7754, Time: 00:10:36

Health: -13/121    AC:  9    Str: 34    XL:     10   Next: 91%
Magic:  9/9        EV: 16    Int:  4    God:    Uskayaw [*.....]
Gold:   659        SH:  0    Dex: 10    Spells: 9/9 levels left

rFire   . .          .
                       - Unarmed
rCold   . . .        (shield currently unavailable)
rNeg    . . .        j - melded +2 robe {rC+ rF+}
rPois   .            (helmet currently unavailable)
rElec   .            (cloak currently unavailable)
rCorr   .            (gloves unavailable)
SInv    .            (boots unavailable)
Will    .....        (no amulet)
Stlth   +            H - +5 ring of evasion
HPRegen 1.20/turn    (no ring)
MPRegen 0.11/turn

%: no passive effects
@: brilliant, lethally poisoned (-13 -> -64), snake-form, slowed, very slow
A: constrict, amphibious, boosted hp, large, unfitting armour, (claws 3),
regeneration 1, (shaggy fur 1), (tough skin 1)
a: Begin Untransformation, Renounce Religion, Stomp


You were on level 10 of the Dungeon.
You worshipped Uskayaw.
Uskayaw was noncommittal.
You were an enormous anaconda.
You visited 1 branch of the dungeon, and saw 10 of its levels.
You also visited: Sewer and Ossuary.

You collected 659 gold pieces.

Inventory:

Missiles
 s - 32 poisoned darts
 w - 3 curare-tipped darts
Armour
 j - a +2 robe of resistance (melded)
Jewellery
 H - a +5 ring of evasion (left hand)
Talismans
 c - a beast talisman
 m - a serpent talisman
 C - a dragon-blood talisman
Wands
 q - a wand of mindburst (4)
 B - a wand of quicksilver (11)
Scrolls
 a - 2 scrolls of enchant weapon {unknown}
 d - 5 scrolls of teleportation {unknown}
 e - a scroll of brand weapon {unknown}
 f - 3 scrolls of fog {unknown}
 h - 3 scrolls of revelation {unknown}
 i - 8 scrolls of identify {unknown}
 k - 6 scrolls of butterflies {unknown}
 l - 3 scrolls of enchant armour {unknown}
 n - 5 scrolls of immolation {unknown}
 y - 2 scrolls of blinking {unknown}
 z - 3 scrolls of fear {unknown}
 A - 2 scrolls of torment {unknown}
 G - 2 scrolls of poison {unknown}
Potions
 b - 4 potions of lignification
 g - 5 potions of brilliance
 o - a potion of mutation {unknown}
 p - 2 potions of invisibility {unknown}
 r - a potion of enlightenment {unknown}
 t - 5 potions of curing {unknown}
 u - a potion of magic {unknown}
 v - 2 potions of haste
 x - 3 potions of heal wounds {unknown}
 D - 2 potions of might {unknown}
 E - a potion of cancellation {unknown}
 F - 2 potions of degeneration {unknown}
 I - a potion of ambrosia {unknown}
 J - a potion of attraction {unknown}


   Skills:
 - Level 7.0 Fighting
 - Level 5.0 Dodging
 - Level 9.6 Unarmed Combat
 * Level 8.9 Shapeshifting


You had 9 spell levels left.
You didn't know any spells.
Your spell library contained the following spells:

 Spells                   Type           Power      Damage    Failure   Level
 Freeze                   Ice            0%         1d3       50%         1
 Sandblast                Erth           0%         2d4       50%         1
 Passwall                 Tmut/Erth      0%         N/A       65%         2
 Sublimation of Blood     Necr           0%         N/A       65%         2
 Wereblood                Tmut           0%         N/A       65%         2
 Call Canine Familiar     Summ           0%         N/A       86%         3
 Frozen Ramparts          Ice            0%         1d1       86%         3
 Hailstorm                Conj/Ice       0%         3d3       86%         3
 Portal Projectile        Hex/Tloc       0%         N/A       86%         3
 Stone Arrow              Conj/Erth      0%         3d7       86%         3
 Vhi's Electric Charge    Tloc/Air       0%         N/A       86%         3
 Leda's Liquefaction      Hex/Erth       0%         N/A       99%         4
 Arcjolt                  Conj/Air       0%         1d10      100%        5
 Borgnjor's Vile Clutch   Necr/Erth      0%         N/A       100%        5
 Summon Hydra             Summ           0%         N/A       100%        7
 Maxwell's Capacitive Co  Air            0%         ∞         100%        8
 Shatter                  Erth           0%         3d5*      100%        9


Dungeon Overview and Level Annotations

Branches:
Dungeon (10/15)            Temple (0/1) D:4            Lair (0/5) D:8
  Sewer (visited)         Ossuary (visited)
    Orc: D:9-12

Altars:
Elyvilon
Gozag
Hepliaklqana
Ru
Trog
Uskayaw
Zin
The Shining One

Annotations:
D:10 Sonja


Innate Abilities, Weirdness & Mutations

You are an enormous anaconda.
You have a powerful constriction melee attack.
You are amphibious.
Your maximum health is increased.
Your armour is entirely melded.
You are incapable of wielding weapons or throwing items.
You are too large for most types of armour.
((You have claws for hands.))
Your natural rate of healing is unusually fast.
((You are covered in fur. (AC +1)))
((You have tough skin. (AC +1)))


Message History

Sonja closely misses you. Sonja hits you but does no damage.
You are more poisoned.
Sonja hits you with a +1 short sword of venom.
The orc wizard gestures wildly while chanting.
The orc wizard flickers and vanishes!
Deactivating autopickup; reactivate with Ctrl-A.
Sonja hits you with a +1 short sword of venom.
You are more poisoned.
Sonja misses you. Sonja hits you but does no damage.
You are lethally poisoned!
You miss Sonja. Your grab misses Sonja.
Sonja is lightly wounded.
* * * LOW HITPOINT WARNING * * *
You feel extremely sick.
Sonja hits you with a +1 short sword of venom!
* * * LOW HITPOINT WARNING * * *
You are more poisoned.
Sonja closely misses you. Sonja hits you but does no damage.
The orc wizard points at you and mumbles some strange words.
The puff of flame misses you.
An orc wizard comes into view. It is wielding a +0 dagger.
Sonja closely misses you. x2; Sonja hits you but does no damage.
You are more poisoned.
You completely miss Sonja.
The orc wizard shouts!
Your grab misses Sonja.
Sonja is lightly wounded.
* * * LOW HITPOINT WARNING * * *
You feel extremely sick.
The orc wizard points at you and mumbles some strange words.
The puff of flame hits you.
* * * LOW HITPOINT WARNING * * *
Sonja barely misses you. Sonja hits you but does no damage.
Sonja hits you with a +1 short sword of venom.
* * * LOW HITPOINT WARNING * * *
You are more poisoned.
Okay, then.
It was a potion of brilliance.
You feel clever all of a sudden.
You die...

#...........#....#
#...........#....#
#.....[.....#...<#
#####...........#....#
#.....#####.....#....#
#.....#...#.....#....#
#.....#...#.....#....#
#.....#...'.....#....#
#....S#...#.....##...#
#....K#...#......##'##
#.....#...+......#...#
#.....#...#......#...#
......##...#......#...#
..o....#....#......#..)#
..o....#....#......#...#
.......#....#......'...#
#.##.#......#...#


You could see Sonja and 2 orc wizards.

Vanquished Creatures
  A two-headed ogre (D:8)
  Pikel (D:5)
  A cyclops (D:9)
  A komodo dragon (D:8)
  A troll (D:10)
  A shadow (D:9)
  2 wyverns (D:8)
  6 yaks (D:9)
  A basilisk (D:8)
  An acid dragon (D:8)
  3 water moccasins
  4 black bears
  A sky beast (D:8)
  3 ice beasts
  2 orc warriors (D:6)
  An ogre (D:4)
  A phantom (D:5)
  A centaur (D:8)
  6 kobold brigands
  2 lemures (D:5)
  4 bullfrogs
  3 scorpions
  4 wights (D:7)
  5 howler monkeys
  6 hounds
  6 orc priests
  3 iguanas
  2 sleepcaps
  Terence (D:2)
  9 orc wizards
  Natasha (thrice) (D:3)
  8 mummies (Ossuary)
  A gnoll (D:1)
  6 adders
  6 river rats
  A white imp (D:7)
  3 ufetubi
  A worm zombie (D:8)
  9 worms
  2 dart slugs
  35 orcs
  7 ball pythons
  3 bats
  15 endoplasms
  6 giant cockroaches
  2 gnoll zombies (Ossuary)
  9 goblins
  10 hobgoblins
  8 quokkas
  4 frilled lizards
  17 kobolds
  3 kobold zombies (Ossuary)
  3 orc zombies (Ossuary)
  10 rats
255 creatures vanquished.

Notes
Turn   | Place    | Note
-------+----------+-------------------------------------------
     0 | D:1      | gruber the Troll Shapeshifter began the quest for the Orb.
     0 | D:1      | Reached XP level 1. HP: 19/19 MP: 0/0
   199 | D:1      | Reached XP level 2. HP: 27/27 MP: 1/1
   240 | D:1      | Reached skill level 3 in Unarmed Combat
   463 | D:1      | Reached XP level 3. HP: 22/33 MP: 2/2
   595 | D:1      | Found a faded altar of an unknown god.
   723 | D:2      | Noticed Terence
   733 | D:2      | Killed Terence
   734 | D:2      | Reached skill level 4 in Unarmed Combat
   844 | D:2      | Reached XP level 4. HP: 34/41 MP: 3/3
  1288 | D:3      | Found a glowing silver altar of Zin.
  1332 | D:3      | Reached skill level 5 in Unarmed Combat
  1339 | D:3      | Reached XP level 5. HP: 23/48 MP: 4/4
  1431 | D:3      | Noticed Natasha
  1438 | D:3      | Killed Natasha
  1829 | D:3      | Reached skill level 6 in Unarmed Combat
  2081 | D:3      | Identified the scarf "Muafeuqi" {harm, +Inv rElec rPois}
  2242 | D:3      | Noticed Natasha
  2248 | D:3      | Killed Natasha
  2285 | D:3      | Noticed Natasha
  2291 | D:3      | Killed Natasha
  2292 | D:3      | Reached XP level 6. HP: 51/55 MP: 5/5
  2330 | D:4      | Noticed an ice beast
  2337 | D:4      | Killed an ice beast
  2338 | D:4      | Reached skill level 7 in Unarmed Combat
  2454 | D:4      | Reached XP level 7. HP: 52/62 MP: 6/6
  2485 | D:4      | Found a hide-covered altar of Uskayaw.
  2497 | D:4      | Became a worshipper of Uskayaw the Reveller
  2507 | D:4      | Reached * piety under Uskayaw
  2508 | D:4      | Reached skill level 8 in Unarmed Combat
  2511 | D:4      | Reached ** piety under Uskayaw
  2515 | D:4      | Reached *** piety under Uskayaw
  2625 | D:4      | Found a staircase to the Ecumenical Temple.
  2842 | D:4      | Noticed a moth of wrath
  2846 | D:4      | Found a bloodstained altar of Trog.
  2917 | D:5      | Entered Level 5 of the Dungeon
  2959 | D:5      | Noticed Pikel
  2971 | D:5      | Killed Pikel
  2971 | D:5      | Reached **** piety under Uskayaw
  2972 | D:5      | Reached skill level 5 in Dodging
  2972 | D:5      | Reached XP level 8. HP: 70/70 MP: 7/7
  3167 | D:5      | Reached skill level 5 in Shapeshifting
  3944 | D:6      | Reached XP level 9. HP: 70/76 MP: 8/8
  4289 | D:6      | Found a glowing drain.
  4297 | Sewer    | Entered a sewer
  4983 | D:6      | Found a hazy altar of Hepliaklqana.
  5094 | D:6      | Found a sacrificial altar of Ru.
  5210 | D:7      | Reached skill level 5 in Fighting
  5286 | D:7      | Reached ***** piety under Uskayaw
  5320 | D:7      | Found a glowing golden altar of the Shining One.
  5323 | D:7      | Found an opulent altar of Gozag.
  6328 | D:8      | Got Ciumi's Volume of the Mesa
  6383 | D:8      | Noticed a two-headed ogre
  6392 | D:8      | Killed a two-headed ogre
  6393 | D:8      | Reached XP level 10. HP: 102/102 MP: 9/9
  6395 | D:8      | Found a sand-covered staircase.
  6422 | Ossuary  | Entered an ossuary
  6935 | D:8      | Reached skill level 9 in Unarmed Combat
  6935 | D:8      | Found a staircase to the Lair.
  7250 | D:9      | Noticed a cyclops
  7270 | D:9      | Killed a cyclops
  7438 | D:9      | Found a white marble altar of Elyvilon.
  7671 | D:10     | Entered Level 10 of the Dungeon
  7744 | D:10     | Noticed Sonja
  7753 | D:10     | HP: 5/121 [Sonja/+1 short sword of venom (2)]
  7754 | D:10     | Succumbed to Sonja's poison

Illustrated notes

Levels and vault maps discovered:
D:1:      minmay_arrival_split_and_join, layout_loops_cross,
          shapermc_ecumenical_altar_notcrosses, due_unseen_surprise
D:2:      layout_rooms, kennysheep_generic_room_9, uniq_terence
D:3:      minmay_razor_zed, layout_loops_corners,
          mainiacjoe_overflow_tiny_flanked, uniq_natasha
D:4:      layout_rooms, tgw_trog, mainiacjoe_overflow_small_starburst,
          minmay_temple_entry_nine_rooms
D:5:      layout_basic, st_stairs_12, dreamdust_princess_bridge, minmay_puff,
          uniq_pikel
D:6:      layout_gridville, mainiacjoe_overflow_24_doors, kennysheep_mini,
          portal_sewer_entry_e
D:7:      layout_layer_cave, mainiacjoe_overflow_catwalk_spiral,
          minmay_misc_feat_pillars
D:8:      layout_gridville, erik_lair_dragon, enter_ossuary_3, hex_tiny
D:9:      layout_basic, nicolae_overflow_hidden_temple
D:10:     layout_gridville, minmay_orc_entry_temple_small,
          hangedman_abyss_or_decor_stabs, uniq_sonja, uniq_lodul

Skill      XL: |  1  2  3  4  5  6  7  8  9 10 |
---------------+-------------------------------+-----
Unarmed Combat | 3 4 5 6 7 8 9 |  9.6
Dodging        | 5 |  5.0
Shapeshifting  | 6 7 8 |  8.9
Fighting       | 7 |  7.0

Action                     |  1- 3 |  4- 6 |  7- 9 | 10-12 || total
---------------------------+-------+-------+-------+-------++-------
  Melee: Unarmed           |    54 |   122 |   278 |   100 ||   554
         Punch             |     1 |       |    12 |     3 ||    16
         Constrict         |       |       |       |     6 ||     6
  Throw: Dart              |       |       |     3 |       ||     3
  Evoke: Wand              |       |       |       |     4 ||     4
    Use: Potion            |       |       |       |     1 ||     1
   Stab: Sleeping          |     2 |       |       |       ||     2
         Distracted        |     1 |       |       |       ||     1
         Paralysed         |       |       |     9 |     4 ||    13
 Armour: Animal skin       |    11 |     2 |       |       ||    13
         Robe              |       |    35 |    65 |    14 ||   114
         Skin              |       |       |       |    16 ||    16
  Dodge: Dodged            |    11 |    56 |   109 |    56 ||   232
   Form: Anaconda          |       |       |       |     1 ||     1

Table legend: (Time is in decaauts)
 A = Elapsed time spent in this place.
 B = Non-inter-level travel time spent in this place.
 C = Inter-level travel time spent in this place.
 D = Time resting spent in this place.
 E = Time spent auto-exploring this place.
 F = Levels seen in this place.
 G = Mean time per level.
                   A        B        C        D        E       F      G
               +--------+--------+--------+--------+--------+-----+--------+
         Total |   7688 |   7329 |    359 |      4 |   5925 |  12 |  640.7 |
       Dungeon |   6937 |   6578 |    359 |      4 |   5423 |  10 |  693.7 |
         Sewer |    531 |    531 |      0 |      0 |    375 |   1 |  531.0 |
       Ossuary |    219 |    219 |      0 |      0 |    127 |   1 |  219.0 |
               +--------+--------+--------+--------+--------+-----+--------+

Top non-repeatable levels by time:
     D:7: 1066 daAuts
     D:3: 1062 daAuts
     D:5: 857 daAuts
     D:6: 808 daAuts
     D:1: 721 daAuts
     D:8: 688 daAuts
     D:4: 595 daAuts
     D:9: 537 daAuts
   Sewer: 531 daAuts
     D:2: 515 daAuts
 Ossuary: 219 daAuts
    D:10: 84 daAuts
